 Dungeon Crawl Stone Soup version 0.27-a0-686-gaed091b46b (webtiles) character file.

Game seed: 15617192130111202399

5 jasper the Sneak (level 1, -4/18 HPs)
             Began as a Demonspawn Delver on Mar 21, 2021.
             Slain by a hound (6 damage)
             ... on level 6 of the Dungeon.
             The game lasted 00:01:13 (488 turns).

jasper the Sneak (Demonspawn Delver)                 Turns: 488, Time: 00:01:14

Health: -4/18      AC:  3    Str: 12    XL:     1   Next: 66%
Magic:  1/1        EV: 11    Int: 11    God:
Gold:   11         SH:  0    Dex: 14    Spells: 0/0 levels left

rFire    . . .     SeeInvis .   a - +0 hand axe
rCold    . . .     Faith    .   (no shield)
rNeg     . . .     Spirit   .   b - +0 leather armour
rPois    .         Reflect  .   (no helmet)
rElec    .         Harm     .   (no cloak)
rCorr    .         Rampage  .   (no gloves)
Will     .....                  (no boots)
Stlth    ++........             (no amulet)
HPRegen  0.06/turn              (no ring)
MPRegen  0.07/turn              (no ring)

@: hasted, very quick
A: no striking features
a: no special abilities


You were on level 6 of the Dungeon.
You visited 1 branch of the dungeon, and saw 2 of its levels.

You collected 11 gold pieces.

Inventory:

Hand Weapons
 a - a +0 hand axe (weapon)
 h - the +7 shortbow of Midwinter {freeze, rElec Dex+3}
   (You found it on level 5 of the Dungeon)

   It causes projectiles fired from it to freeze those they strike, causing
   extra injury to most foes and up to half again as much damage against
   particularly susceptible opponents.
   They can also slow down cold-blooded creatures.
   It affects your dexterity (+3).
   It insulates you from electricity.
Armour
 b - a +0 leather armour (worn)
Wands
 g - a wand of digging (3)
Scrolls
 c - a scroll of fog
 d - a scroll of magic mapping


   Skills:
 - Level 3.0 Fighting
 - Level 1.7 Axes
 + Level 1.1 Bows
 - Level 1.7 Dodging
 - Level 4.5 Stealth


You couldn't memorise any spells.
You didn't know any spells.
Your spell library was empty.

Dungeon Overview and Level Annotations

Branches:
Dungeon (6/15)
 Temple: D:4-7

Altars:
Elyvilon

Shops:
D:6 (

Annotations:
D:6 exclusion: bullfrog


Message History

Found 7 gold pieces.
Found Ojucvamu's Antique Weapon Boutique.
You feel yourself speed up. The hound bites you.
You take 2 damage, and have 16/18 hp.
You miss the hound. The hound bites you.
You take 1 damage, and have 15/18 hp.
You closely miss the hound. The hound bites you but does no damage.
You miss the hound. The hound barely misses you. The hound bites you.
You take 5 damage, and have 10/18 hp.
MASSIVE DAMAGE!!
You barely miss the hound. The hound closely misses you.
You slash the hound!
The hound is heavily wounded.
The hound bites you.
You take 2 damage, and have 8/18 hp.
You closely miss the hound.
The hound is heavily wounded.
The hound bites you.
You take 2 damage, and have 6/18 hp.
You hit the hound.
The hound is heavily wounded.
The hound bites you but does no damage.
You miss the hound.
The hound is heavily wounded.
The hound bites you.
* * * LOW HITPOINT WARNING * * *
You take 4 damage, and have 2/18 hp.
MASSIVE DAMAGE!!
You barely miss the hound.
The hound is heavily wounded.
The hound closely misses you.
You aren't carrying any potions.
Unknown command.
Okay, then.
Okay, then.
You hit the hound.
The hound is almost dead.
The hound barely misses you. The hound misses you.
You barely miss the hound.
The hound is almost dead.
The hound bites you.
You die...

#.....## #.#
##...#.#####.#
#..###...##.#
######...#.##.##.#
#$......#.###.##.#
#.####.##.# #.##.#
#.##.# #.##.#
#h##.# #.##.#
#@##.# #h##.#
#.##.# #.##.#
#.##.# #.##.##
#.##.# #...# .∩.
#...##### ###
##.......#
#...####..
####.#.#####.
#≈≈.P♣♣♣P.≈≈.


You could see a hound.

Vanquished Creatures
  An ufetubus (D:6)
1 creature vanquished.

Notes
Turn   | Place    | Note
-------+----------+-------------------------------------------
     0 | D:5      | jasper the Demonspawn Delver began the quest for the Orb.
     0 | D:5      | Reached XP level 1. HP: 18/18 MP: 1/1
     7 | D:5      | Noticed an orc priest
    16 | D:5      | Identified the +7 shortbow of Midwinter {freeze, rElec
                  | Dex+3}
    69 | D:6      | Noticed a worker ant
    96 | D:6      | Reached skill level 1 in Bows
   278 | D:6      | Noticed a bullfrog
   433 | D:6      | Noticed an ogre
   465 | D:6      | Noticed a hound
   473 | D:6      | Found Ojucvamu's Antique Weapon Boutique.
   488 | D:6      | Slain by a hound

Illustrated notes

Levels and vault maps discovered:
D:5:      layout_basic, minmay_temple_entry_proselytizer, basic_altar
D:6:      layout_loops_ring, nicolae_elyvilon_peaceful_grove, serial_shops,
          shop, shop, shop, shop_statue, shop, uniq_blork_the_orc

Skill      XL: |  1 |
---------------+----+-----
Bows           | 1 |  1.1
Fighting       | |  3.0
Axes           | |  1.7
Dodging        | |  1.7
Stealth        | |  4.5

Action                   || total
-------------------------++-------
Melee: Hand axe          ||    16
  Use: Scroll            ||     1
       Potion            ||     1
Armor: Leather armour    ||     3
Dodge: Dodged            ||    10

Table legend: (Time is in decaauts)
 A = Elapsed time spent in this place.
 B = Non-inter-level travel time spent in this place.
 C = Inter-level travel time spent in this place.
 D = Time resting spent in this place.
 E = Time spent auto-exploring this place.
 F = Levels seen in this place.
 G = Mean time per level.
                   A        B        C        D        E       F      G
               +--------+--------+--------+--------+--------+-----+--------+
         Total |    487 |    487 |      0 |    254 |     72 |   2 |  243.5 |
       Dungeon |    487 |    487 |      0 |    254 |     72 |   2 |  243.5 |
               +--------+--------+--------+--------+--------+-----+--------+

Top non-repeatable levels by time:
     D:6: 418 daAuts
     D:5: 69 daAuts
